 Dungeon Crawl Stone Soup version 0.31-a0-1611-g890cdf5628 (webtiles) character file.

Game seed: 189617995605152691

109395 Newt the Impaler (level 16, -16/109 HPs)
             Began as a Merfolk Gladiator on Jan 8, 2024.
             Was the Champion of Hepliaklqana.
             Demolished by an orc knight
             ... wielding a +0 halberd
              (31 damage)
             ... on level 2 of the Orcish Mines.
             The game lasted 00:47:18 (21784 turns).

Newt the Impaler (Merfolk Gladiator)               Turns: 21784, Time: 00:47:18

Health: -16/109    AC: 12    Str: 19    XL:     16   Next: 52%
Magic:  17/31      EV: 18    Int: 17    God:    Hepliaklqana [******]
Gold:   1530       SH:  9    Dex: 19    Spells: 30/38 levels left

rFire   + + .        J - +0 demon trident (elec)
rCold   x . .        K - +2 buckler
rNeg    + + .        W - +2 robe of the Vacuum {Fly rF+ rN+}
rPois   .            I - +1 hat {Will+}
rElec   .            o - +2 cloak {rCorr}
rCorr   +            t - +1 pair of gloves
SInv    .            f - +1 pair of boots
Will    ++...        m - amulet of regeneration
Stlth   +++          y - ring of positive energy
HPRegen 1.18/turn    V - ring "Egifuac" {Fire Int+7 Dex+3}
MPRegen 0.22/turn

%: no passive effects
@: flying, studying Maces & Flails
A: reduced essence, (nimble swimmer 2), mertail
a: Renounce Religion, Recall Ancestor, Ancestor Identity, Transference, Idealise


You were on level 2 of the Orcish Mines.
You worshipped Hepliaklqana.
Hepliaklqana was exalted by your worship.
You visited 4 branches of the dungeon, and saw 23 of its levels.
You also visited: Sewer and Volcano.

You collected 2226 gold pieces.
You spent 696 gold pieces at shops.

Inventory:

Hand Weapons
 a - a +1 demon trident of venom
 b - a +1 demon trident of draining
 J - a +0 demon trident of electrocution (weapon)
Missiles
 d - 4 throwing nets
 e - 6 javelins
Armour
 f - a +1 pair of boots (worn)
 o - a +2 cloak of preservation (worn)
 t - a +1 pair of gloves (worn)
 u - a +0 chain mail of fire resistance
 F - a +3 leather armour of fire resistance
 H - a +2 hat
 I - a +1 hat of willpower (worn)
 K - a +2 buckler (worn)
 W - the +2 robe of the Vacuum (worn) {Fly rF+ rN+}
   (You found it on level 3 of the Lair of Beasts)

   rF+:       It protects you from fire.
   rN+:       It protects you from negative energy.
   Fly:       It grants you flight.
Jewellery
 m - an amulet of regeneration (around neck)
 w - a ring of see invisible
 y - a ring of positive energy (left hand)
 R - a ring of protection from cold
 U - a ring of fire
 V - the ring "Egifuac" (right hand) {Fire Int+7 Dex+3}
   (You found it on level 3 of the Lair of Beasts)

   [ring of fire]

   Fire:      It enhances your fire magic.
   Int+7:     It affects your intelligence (+7).
   Dex+3:     It affects your dexterity (+3).
   rF+:       It protects you from fire.
   rC-:       It makes you vulnerable to cold.
Wands
 n - a wand of quicksilver (8)
 v - a wand of polymorph (13)
 x - a wand of roots (26)
 C - a wand of paralysis (8)
 D - a wand of flame (51)
Scrolls
 c - a scroll of blinking
 k - 6 scrolls of teleportation
 l - 3 scrolls of immolation
 q - a scroll of revelation
 r - a scroll of identify
 B - a scroll of silence
 E - 4 scrolls of fear
 G - 2 scrolls of enchant armour
 Q - 2 scrolls of vulnerability
 Z - 2 scrolls of torment
Potions
 g - a potion of invisibility
 h - 4 potions of attraction
 i - a potion of curing
 j - 3 potions of lignification
 p - 3 potions of haste
 s - a potion of resistance
 z - 3 potions of mutation
 A - 3 potions of might
 S - a potion of enlightenment
Miscellaneous
 L - a tin of tremorstones (2/2)
 M - a lightning rod (4/4)
 N - a box of beasts
 O - a phial of floods
 X - a phantom mirror


   Skills:
 - Level 10.0 Fighting
 - Level 15.7 Polearms
 - Level 2.0 Throwing
 - Level 10.0 Dodging
 - Level 5.0 Stealth
 - Level 8.0 Shields
 + Level 11.9 Spellcasting
 + Level 12.9 Summonings
 - Level 9.0 Invocations
 - Level 12.0 Evocations


You had 30 spell levels left.
You knew the following spells:

 Your Spells              Type           Power      Damage    Failure   Level
a - Call Imp              Summ           100%       N/A       1%          2
b - Summon Cactus Giant   Summ           26%        N/A       6%          6

Your spell library contained the following spells:

 Spells                   Type           Power      Damage    Failure   Level
 Apportation              Tloc           20%        N/A       9%          1
 Freeze                   Ice            40%        1d6       9%          1
 Magic Dart               Conj           40%        1d5       9%          1
 Sting                    Conj/Alch      40%        1d5       9%          1
 Blink                    Tloc           20%        N/A       13%         2
 Jinxbite                 Hex            20%        N/A       13%         2
 Mercury Vapours          Alch/Air       20%        N/A       13%         2
 Scorch                   Fire           30%        2d6       13%         2
 Sublimation of Blood     Necr           10%        N/A       13%         2
 Frozen Ramparts          Ice            20%        1d4       26%         3
 Hailstorm                Conj/Ice       10%        3d6       26%         3
 Mephitic Cloud           Conj/Alch/Air  10%        N/A       26%         3
 Summon Hydra             Summ           26%        N/A       34%         7
 Cause Fear               Hex            5%         N/A       63%         4
 Flame Wave               Conj/Fire      15%        2d7       63%         4
 Leda's Liquefaction      Alch/Erth      5%         N/A       63%         4
 Olgreb's Toxic Radiance  Alch           10%        N/A       63%         4
 Petrify                  Alch/Erth      10%        N/A       63%         4
 Alistair's Intoxication  Alch           6%         N/A       93%         5
 Borgnjor's Vile Clutch   Necr/Erth      5%         N/A       93%         5
 Fireball                 Conj/Fire      7%         3d5       93%         5
 Freezing Cloud           Conj/Ice/Air   5%         6-21      93%         5
 Irradiate                Conj/Alch      5%         3d13      93%         5
 Lee's Rapid Deconstruct  Erth           5%         3d6*      93%         5
 Summon Horrible Things   Summ           26%        N/A       95%         8
 Malign Gateway           Summ/Tloc      16%        N/A       99%         7
 Bombard                  Conj/Erth      5%         9d2       100%        6
 Eringya's Noxious Bog    Alch           5%         4d6       100%        6
 Dragon's Call            Summ           26%        N/A       100%        9


Dungeon Overview and Level Annotations

Branches:
Dungeon (15/15) Temple (1/1) D:4 Lair (5/5) D:8 Shoals (0/4) Lair:3 Spider (0/4) Lair:2 Slime (0/5) Lair:5 Orc (2/2) D:12 Vaults (0/5) D:12 D:13 Depths (0/4) D:15 Sewer (visited) Volcano (visited) Elf: Orc:2

Altars:
Ashenzari
Cheibriados
Dithmenos
Elyvilon
Fedhas
Gozag
Hepliaklqana
Kikubaaqudgha
Makhleb
Nemelex Xobeh
Okawaru
Qazlal
Ru
Sif Muna
Trog
Uskayaw
Vehumet
Wu Jian
Xom
Yredelemnul
Zin
The Shining One
Jiyva
Lugonu

Shops:
D:1 (   Orc:1 *   Orc:2 !

Portals:
Abyss: Lair:5


Innate Abilities, Weirdness & Mutations

Your life essence is reduced to manifest your ancestor. (-10% HP)
((You are very nimble when in or above water. (Stealth+, EV+, Speed+++)))
Your lower body shifts to a powerful aquatic tail in water.


Message History

The warg is moderately wounded.
The warg bites you!
* * * LOW HITPOINT WARNING * * *
Unknown command.
Casting: Summon Cactus Giant (dangerous; 6% risk of failure)
Confirm with . or Enter, or press ? or * to list all spells.
The warg barely misses you.
Unknown command.
The orc knight attacks as it pursues you!
The orc knight closely misses you. You block the warg's attack.
Unknown command.
You puncture the warg!
The warg is severely wounded.
The warg closely misses you.
The orc knight hits you from afar with a +0 halberd!
* * * LOW HITPOINT WARNING * * *
Unknown command.
You feel better.
Your cactus giant closely misses the warg.
The warg bites you.
* * * LOW HITPOINT WARNING * * *
You block the orc knight's attack.
Unknown command.
You feel better. You block the warg's attack. The warg completely misses you.
The orc knight roars a battlecry!
You hear a shout!
You hit the warg.
The warg is severely wounded.
You hear a shout!
You block the warg's attack.
Unknown command.
Aiming: Paralyse
Press: ? - help, Shift-Dir - straight line, f - orc knight
Aim: an orc knight, wielding a +0 halberd and wearing a +0 plate armour (lightly wounded, strong, chance to affect: 58%)
Okay, then.
Unknown command.
You puncture the warg! Lightning courses through the warg!!
You kill the warg!
The orc knight hits you from afar with a +0 halberd!!
You die...

............C#....#..# #.# #.#
.............#....#..###.###.###
.......)...$C#....#.........)...
...........).###'##..........###
.....$))....†T...............# #
......$$)...†o........8...8..# #
.............###o##..........# #
.............#.†C.#.)###'###.###
.............#.@..#..#.....#))..
.............#....#..#.....#)###
.............#∩...#..# _..#.# #
.............######..#######)###
.............. ...........)).
.............) ..#######......
#.....# # ##...###


You could see an orc knight (strong, ally target) and a friendly cactus giant
(summoned).

Vanquished Creatures
  Azrael (D:14)
  A red draconian (Volcano)
  The ghost of Phlounder the Mimic, a journeyman DrSh of Okawaru (Lair:3)
  Erolcha (Orc:2)
  8 hydras
  6 boulder beetles
  A rakshasa (D:15)
  8 centaur warriors
  A death knight (D:12)
  A two-headed ogre (D:10)
  Urug (D:13)
  An occultist (D:15)
  A deep elf knight (D:12)
  A skeletal warrior (D:12)
  A salamander mystic (Volcano)
  Lodul (D:13)
  6 orc knights
  A phantasmal warrior (D:12)
  A salamander (Volcano)
  4 deep elf pyromancers
  An oklob plant (D:7)
  3 orc sorcerers
  9 cyclopes
  2 manticores (D:14)
  2 large abominations (Lair:5)
  A meliai (shapeshifter) (D:14)
  8 ugly things
  A black mamba (shapeshifter) (D:14)
  3 black mambas
  2 kobold blastminers
  5 elephants
  A molten gargoyle (Volcano)
  A smoke demon (Lair:5)
  An unseen horror (D:12)
  A cane toad (shapeshifter) (Lair:5)
  8 cane toads
  A centaur skeleton (D:15)
  An efreet (D:14)
  5 gargoyles
  A yaktaur (shapeshifter) (Lair:5)
  A yaktaur (D:15)
  3 rime drakes
  6 komodo dragons
  A kobold demonologist (D:11)
  A tengu conjurer (D:10)
  2 trolls
  A polar bear (Lair:4)
  14 blink frogs
  A raiju (Lair:5)
  A water elemental (D:11)
  A vampire (D:10)
  2 ynoxinuls (Lair:5)
  A wraith (D:12)
  2 spriggans (Lair:5)
  8 wyverns
  2 fire elementals (D:14)
  9 humans
  6 basilisks
  28 yaks
  10 vampire mosquitoes
  A steam dragon (D:9)
  7 wargs
  16 water moccasins
  3 hell hounds (D:14)
  A hydra simulacrum (Lair:3)
  3 acid dragons
  21 orc warriors
  A swamp drake (Orc:1)
  A laughing skull (D:10)
  An ice beast (D:5)
  2 sky beasts
  14 wolves
  5 ogres
  13 centaurs
  2 kobold brigands
  16 bullfrogs
  A gnoll sergeant (D:9)
  2 scorpions
  4 small abominations (Lair:5)
  7 wights
  9 killer bees
  A howler monkey (D:4)
  6 hounds
  A gnoll bouda (D:5)
  Crazy Yiuf (D:2)
  10 orc priests
  2 sleepcaps
  Ijyb (D:5)
  5 iguanas
  11 orc wizards
  3 polar bear simulacra (Lair:3)
  13 gnolls
  12 adders
  4 river rats (Sewer)
  3 shadow imps
  2 white imps
  5 dart slugs
  62 orcs
  10 ball pythons
  7 bats
  7 endoplasms
  8 giant cockroaches
  9 goblins
  3 hobgoblins
  2 jackals (D:1)
  2 quokkas
  6 frilled lizards
  16 kobolds
  19 rats
565 creatures vanquished.

Vanquished Creatures (collateral kills)
  Jorgrun (D:13)
  Frances (D:13)
  Donald (Orc:2)
  Snorg (D:13)
  An ogre mage (D:15)
  4 hydras
  2 catoblepae
  4 two-headed ogres
  A tengu warrior (D:14)
  An orc high priest (Orc:2)
  2 thrashing horrors (Lair:5)
  A skeletal warrior (D:12)
  A deep elf pyromancer (Orc:1)
  5 orc knights
  An oklob plant (Lair:2)
  An orc sorcerer (D:15)
  A necromancer (D:15)
  2 ugly things (D:15)
  2 salamanders (Volcano)
  A cyclops (D:15)
  3 elephants
  A kobold blastminer (Orc:2)
  A centaur zombie (D:15)
  Maggie (Lair:1)
  2 black mambas
  3 molten gargoyles (Volcano)
  A centaur skeleton (D:15)
  A gargoyle (Volcano)
  4 cane toads
  An efreet (D:15)
  2 rime drakes
  A kobold demonologist (D:14)
  4 komodo dragons
  A tengu conjurer (D:15)
  A harpy skeleton (D:15)
  A hornet (D:9)
  A nameless horror (D:15)
  8 blink frogs
  A culicivora (shapeshifter) (Lair:5)
  3 small abominations (Lair:5)
  10 yaks
  A ynoxinul (Lair:5)
  A centaur simulacrum (D:14)
  7 humans
  A vampire mosquito (D:10)
  2 wargs (Orc:2)
  A fire elemental (D:14)
  2 basilisks
  A steam dragon (Lair:3)
  A chaos spawn (Lair:5)
  A hell hound (D:14)
  A hydra simulacrum (Lair:3)
  8 water moccasins
  4 orc warriors
  2 ogres (D:15)
  5 wolves
  3 centaurs
  A phantom (D:6)
  A kobold brigand (D:11)
  2 bullfrogs
  3 wights (D:7)
  A killer bee (D:7)
  A howler monkey (D:13)
  A crimson imp (Orc:1)
  3 orc priests
  An iron imp (Orc:1)
  2 orc wizards
  A gnoll (D:7)
  20 orcs
  2 kobolds (D:11)
  A butterfly (Lair:3)
166 creatures vanquished.

Vanquished Creatures (others)
  An occultist (D:15)
  A hell hound (D:14)
  17 knights
  4 ancestors
23 creatures vanquished.

Grand Total: 754 creatures vanquished

Notes
Turn   | Place    | Note
-------+----------+-------------------------------------------
     0 | D:1      | Newt the Merfolk Gladiator began the quest for the Orb.
     0 | D:1      | Reached XP level 1. HP: 16/16 MP: 1/1
   187 | D:1      | Reached XP level 2. HP: 22/23 MP: 2/2
   540 | D:1      | Found Wice's Weapon Shop.
   861 | D:1      | Reached XP level 3. HP: 30/30 MP: 3/3
  1056 | D:2      | Found a runed translucent door.
  1057 | D:2      | Noticed Crazy Yiuf
  1110 | D:2      | Learned a level 2 spell: Call Imp
  1279 | D:2      | Found a burning altar of Makhleb.
  1448 | D:2      | Killed Crazy Yiuf
  1449 | D:2      | Reached skill level 5 in Fighting
  1449 | D:2      | Reached XP level 4. HP: 31/39 MP: 4/4
  1867 | D:3      | Reached skill level 5 in Polearms
  1867 | D:3      | Reached XP level 5. HP: 42/44 MP: 5/5
  2209 | D:4      | Found an ornate altar of the Wu Jian Council.
  2280 | D:4      | Noticed a kobold brigand
  2289 | D:4      | Killed a kobold brigand
  2290 | D:4      | Reached skill level 6 in Polearms
  2345 | D:4      | Reached XP level 6. HP: 34/51 MP: 6/6
  2353 | D:4      | Reached skill level 7 in Polearms
  2379 | D:4      | Found a glowing drain.
  2412 | Sewer    | Entered a sewer
  2612 | Sewer    | Reached skill level 8 in Polearms
  2612 | Sewer    | Reached XP level 7. HP: 47/56 MP: 7/7
  2630 | Sewer    | Reached skill level 5 in Dodging
  2789 | D:4      | Found a staircase to the Ecumenical Temple.
  2887 | Temple   | Entered the Ecumenical Temple
  2894 | Temple   | Became a worshipper of Hepliaklqana the Forgotten
  3447 | D:4      | Reached XP level 8. HP: 64/64 MP: 8/8
  3688 | D:5      | Entered Level 5 of the Dungeon
  3905 | D:5      | Found a basalt altar of Yredelemnul.
  3951 | D:5      | Reached skill level 1 in Evocations
  4005 | D:5      | Noticed Ijyb
  4021 | D:5      | Killed Ijyb
  4169 | D:6      | Reached * piety under Hepliaklqana
  4286 | D:6      | Reached skill level 5 in Evocations
  4286 | D:6      | Reached XP level 9. HP: 59/66 MP: 9/9
  4345 | D:6      | Reached skill level 1 in Stealth
  4573 | D:6      | Found a sacrificial altar of Ru.
  4801 | D:6      | Found a burning altar of Makhleb.
  4943 | D:6      | Reached skill level 5 in Stealth
  5197 | D:7      | Found an iron altar of Okawaru.
  5232 | D:7      | Reached skill level 9 in Polearms
  5298 | D:7      | Reached skill level 10 in Polearms
  5532 | D:7      | Found a shimmering blue altar of Sif Muna.
  5543 | D:7      | Reached skill level 11 in Polearms
  5617 | D:7      | Found a blossoming altar of Fedhas.
  5632 | D:7      | Noticed an oklob plant
  5664 | D:7      | Killed an oklob plant
  5665 | D:7      | Reached skill level 12 in Polearms
  5665 | D:7      | Reached XP level 10. HP: 69/72 MP: 10/10
  5931 | D:8      | Found a staircase to the Lair.
  6177 | D:7      | Reached skill level 13 in Polearms
  6513 | D:8      | Reached skill level 14 in Polearms
  6999 | D:9      | Reached ** piety under Hepliaklqana
  7000 | D:9      | Remembered your ancestor Caliana as a knight
  7290 | D:9      | Noticed a two-headed ogre
  7298 | D:9      | Killed a two-headed ogre
  7299 | D:9      | Reached skill level 10 in Dodging
  7390 | D:9      | Found a stormy altar of Qazlal.
  7540 | D:9      | Found a shadowy altar of Dithmenos.
  7612 | D:10     | Entered Level 10 of the Dungeon
  7642 | D:10     | Reached XP level 11. HP: 74/77 MP: 11/11
  7742 | D:10     | Noticed a centaur warrior
  7761 | D:10     | Killed a centaur warrior
  7775 | D:10     | Noticed a boulder beetle
  7901 | D:10     | Noticed a centaur warrior
  7914 | D:10     | Noticed a boulder beetle
  7915 | D:10     | Killed a centaur warrior
  7916 | D:10     | Noticed a cyclops
  8084 | D:10     | Noticed a two-headed ogre
  8089 | D:10     | Killed a two-headed ogre
  8090 | D:10     | Reached skill level 15 in Polearms
  8511 | D:10     | Reached skill level 1 in Shields
  8555 | D:10     | Noticed a four-headed hydra
  8564 | D:10     | Killed a four-headed hydra
  8659 | D:10     | Noticed a cyclops
  8678 | D:10     | Killed a cyclops
  8788 | D:10     | Killed a boulder beetle
  8789 | D:10     | Reached skill level 5 in Shields
  8820 | D:11     | Noticed a red ugly thing
  8821 | D:11     | Noticed a boulder beetle
  8833 | D:10     | Killed a red ugly thing
  9012 | D:11     | Killed a boulder beetle
  9013 | D:11     | Reached XP level 12. HP: 70/82 MP: 12/12
  9146 | D:11     | Reached *** piety under Hepliaklqana
 10351 | D:12     | Reached **** piety under Hepliaklqana
 10372 | D:12     | Noticed a death knight
 10419 | D:13     | Noticed a deep elf knight
 10419 | D:13     | Noticed Lodul
 10419 | D:13     | Noticed a centaur warrior
 10419 | D:13     | Found a gate to the Vaults.
 10498 | D:12     | Killed a death knight
 10663 | D:12     | Found a staircase to the Orcish Mines.
 10842 | D:12     | Reached skill level 10 in Evocations
 11141 | D:13     | Noticed a seven-headed hydra
 11377 | Lair:1   | Entered Level 1 of the Lair of Beasts
 11390 | Lair:1   | Noticed Maggie
 11406 | Lair:1   | Killed Maggie
 11744 | Lair:1   | Reached XP level 13. HP: 82/88 MP: 13/13
 11926 | Lair:1   | Reached ***** piety under Hepliaklqana
 12204 | Lair:2   | Reached skill level 10 in Fighting
 12210 | Lair:2   | Found a hole to the Spider Nest.
 12217 | Lair:2   | Reached skill level 1 in Spellcasting
 12217 | Lair:2   | Reached skill level 1 in Summonings
 12252 | Lair:2   | Identified the staff of Vehumet's Generosity {rPois rF+ rN+
                  | Dex+2 Necro}
 12326 | Lair:2   | You fall into a shaft and drop 1 floor!
 12976 | Lair:3   | Noticed Phlounder's ghost (journeyman DrSh)
 12993 | Lair:3   | Found a staircase to the Shoals.
 13081 | Lair:3   | Identified the +6 short sword of Foaf {venom, Fly rF-
                  | Will++ Int+4}
 13115 | Lair:3   | Reached skill level 5 in Summonings
 13160 | Lair:3   | Found a runed translucent gate.
 13160 | Lair:3   | Found a runed translucent gate.
 13160 | Lair:3   | Found a runed translucent gate.
 13195 | Lair:3   | Found a hide-covered altar of Uskayaw.
 13497 | Lair:3   | Reached skill level 5 in Spellcasting
 13769 | Lair:3   | Killed Phlounder's ghost
 13809 | Lair:3   | Got the ring "Egifuac" {Fire Int+7 Dex+3}
 13813 | Lair:3   | Identified the +2 robe of the Vacuum {Fly rF+ rN+}
 13965 | Lair:4   | Reached XP level 14. HP: 99/99 MP: 22/22
 14969 | Lair:5   | Entered Level 5 of the Lair of Beasts
 15732 | Lair:5   | Reached skill level 1 in Invocations
 15946 | Lair:5   | HP: 2/99 [cyan ugly thing (14)]
 16021 | Lair:5   | Reached skill level 5 in Invocations
 16128 | Lair:5   | Identified the +4 plate armour "Giqos" {Dex+6}
 16211 | Lair:5   | Found a corrupted altar of Lugonu.
 16211 | Lair:5   | Found a one-way gate to the infinite horrors of the Abyss.
 16791 | Lair:5   | Found a viscous altar of Jiyva.
 16791 | Lair:5   | Found a staircase to the Slime Pits.
 17181 | D:13     | Reached XP level 15. HP: 80/103 MP: 24/26
 17337 | D:13     | Killed Lodul
 17425 | D:13     | Noticed Urug
 17435 | D:13     | Killed Urug
 17546 | D:13     | Noticed Frances
 17601 | D:13     | Killed Frances
 17651 | D:13     | Noticed Snorg
 17665 | D:13     | Killed Snorg
 17781 | D:13     | Noticed Jorgrun
 17793 | D:13     | Killed Jorgrun
 18187 | D:14     | Reached skill level 10 in Summonings
 18363 | D:14     | Noticed Azrael
 18384 | D:14     | Killed Azrael
 18534 | D:14     | Learned a level 6 spell: Summon Cactus Giant
 18848 | D:15     | Entered Level 15 of the Dungeon
 19000 | D:15     | Reached skill level 10 in Spellcasting
 19312 | D:15     | Found a staircase to the Depths.
 19504 | D:15     | Reached XP level 16. HP: 109/109 MP: 24/30
 19567 | D:15     | Reached ****** piety under Hepliaklqana
 20051 | Orc:1    | Entered Level 1 of the Orcish Mines
 20091 | Orc:1    | Found a dark tunnel.
 20104 | Volcano  | Entered a volcano
 20207 | Volcano  | Noticed an orb of fire
 20219 | Volcano  | HP: 4/109 [molten gargoyle/bolt of magma (11)]
 20393 | Volcano  | Noticed an orb of fire
 21011 | Orc:1    | Found Wealiuq's General Store.
 21016 | Orc:1    | Bought a scroll of blinking for 90 gold pieces
 21016 | Orc:1    | Bought a potion of curing for 36 gold pieces
 21016 | Orc:1    | Bought a scroll of revelation for 90 gold pieces
 21245 | Orc:2    | Entered Level 2 of the Orcish Mines
 21250 | Orc:2    | Noticed Erolcha
 21260 | Orc:2    | Killed Erolcha
 21321 | Orc:2    | Noticed Donald
 21346 | Orc:2    | Killed Donald
 21699 | Orc:2    | Found Tusilimm's Distillery.
 21706 | Orc:2    | Bought a potion of haste for 160 gold pieces
 21706 | Orc:2    | Bought a potion of heal wounds for 80 gold pieces
 21706 | Orc:2    | Bought a potion of curing for 48 gold pieces
 21706 | Orc:2    | Bought a potion of mutation for 128 gold pieces
 21706 | Orc:2    | Bought a potion of might for 64 gold pieces
 21784 | Orc:2    | Demolished by an orc knight

Illustrated notes

Levels and vault maps discovered:
D:1:      scummos_arrival_forest, layout_basic, serial_shops, shop
D:2:      layout_basic, basic_altar, uniq_crazy_yiuf_cottage
D:3:      layout_loops_ring
D:4:      layout_basic, lemuel_doored_altar, temple_statues,
          gup_sewer_entry_glass, minmay_manual_mares
D:5:      layout_gridville, mainiacjoe_overflow_catwalk, uniq_ijyb
D:6:      layout_loops_ring, mainiacjoe_overflow_surrounded_room,
          nicolae_ru_great_annihilating_truth, st_stairs_14
D:7:      layout_basic, tgw_fedhas, okawaru_gym_becter, amcnicky_altar_gilded
D:8:      layout_loops_ring, erik_lair_orcish_takeover
D:9:      layout_loops_cross, lemuel_crystal_altar,
          mainiacjoe_overflow_tiny_flanked
D:10:     minmay_the_grid_triangle_9x9_recursive_2
          [minmay_the_grid_triangle_9x9_prize_schism,
          minmay_the_grid_triangle_9x9_intruding_spiral,
          minmay_the_grid_triangle_9x9_descending_squares,
          minmay_the_grid_triangle_9x9_minimal], layout_loops_cross
D:11:     layout_stronghold, nrook_pool_corridor, kennysheep_generic_room_15
D:12:     layout_irregular_city, erik_orc_3, bh_walls_and_bars
D:13:     layout_small_grid, david_vaults_3, uniq_urug, uniq_jorgrun,
          uniq_snorg, uniq_frances
D:14:     layout_roguey, minmay_misc_feat_diagonals, minmay_quadrilaterals,
          uniq_azrael
D:15:     grunt_enter_depths_magical_seal, layout_irregular_city,
          minmay_misc_feat_doors
Temple:   nicolae_temple_bog_church
Lair:1:   layout_cave_shapes, uniq_maggie
Lair:2:   layout_chaotic_city, dummy_spider_entry
Lair:3:   layout_roguey, minmay_shoals_entry_centaurs, basic_altar,
          gammafunk_ghost_icy, lemuel_fruit_fields
Lair:4:   layout_gridlike, wad_woods_road_04, grunt_megastairs_2
Lair:5:   hellmonk_lair_end_abyssal_woods, layout_hall_layers,
          dpeg_slime_entry_enclosed, lemuel_fruit_tree, grunt_megastairs_3,
          infiniplex_staircase_pool_2
Orc:1:    layout_caves, nicolae_volcano_entry_hallway, serial_shops, shop,
          hangedman_minor_magic
Orc:2:    st_orc_town, layout_caves, uniq_donald, uniq_erolcha

Skill      XL: |  1  2  3  4  5  6  7  8  9 10 11 12 13 14 15 16 |
---------------+-------------------------------------------------+-----
Fighting       | 3 5 6 8 10 | 10.0
Polearms       | 5 6 8 12 14 15 | 15.7
Dodging        | 7 10 | 10.0
Evocations     | 5 6 8 11 12 | 12.0
Stealth        | 5 |  5.0
Shields        | 6 8 |  8.0
Spellcasting   | 5 7 10 11 | 11.9
Summonings     | 6 8 11 12 | 12.9
Invocations    | 9 |  9.0
Throwing       | |  2.0

Action                     |  1- 3 |  4- 6 |  7- 9 | 10-12 | 13-15 | 16-18 || total
---------------------------+-------+-------+-------+-------+-------+-------++-------
  Melee: Trident           |   135 |   174 |   400 |   816 |  1050 |       ||  2575
         Punch             |       |     1 |     3 |     3 |       |       ||     7
         Tailslap          |       |     4 |     2 |       |       |       ||     6
         Demon trident     |       |       |       |       |   341 |   342 ||   683
  Throw: Throwing net      |     2 |     1 |       |       |       |       ||     3
   Cast: Call Imp          |       |       |       |       |    38 |     1 ||    39
         Summon Cactus Gia |       |       |       |       |     5 |    11 ||    16
 Invoke: Ancestor Life: Kn |       |       |       |     1 |       |       ||     1
         Recall Ancestor   |       |       |       |     3 |     3 |     4 ||    10
         Idealise          |       |       |       |       |     4 |     1 ||     5
  Evoke: Wand              |       |       |       |     6 |     5 |     1 ||    12
         Lightning rod     |       |       |       |     4 |     3 |     2 ||     9
         Phial of floods   |       |       |       |       |     1 |       ||     1
         Phantom mirror    |       |       |       |       |       |     1 ||     1
    Use: Scroll            |       |     7 |     7 |     7 |     9 |     3 ||    33
         Potion            |       |       |     1 |     4 |     6 |     4 ||    15
   Stab: Sleeping          |     6 |     2 |     9 |     9 |    21 |    11 ||    58
         Held in net/web   |     2 |       |       |       |       |       ||     2
         Paralysed         |       |       |     2 |     5 |    10 |       ||    17
         Distracted        |       |       |       |     4 |    21 |     4 ||    29
 Armour: Leather armour    |    65 |    71 |   196 |   269 |       |       ||   601
         Acid dragon scale |       |       |       |    17 |   115 |       ||   132
         Robe              |       |       |       |       |   456 |    80 ||   536
  Dodge: Dodged            |    95 |   131 |   273 |   294 |   590 |   103 ||  1486
  Block: Buckler           |       |       |       |    81 |   335 |    65 ||   481

Table legend: (Time is in decaauts)
 A = Elapsed time spent in this place.
 B = Non-inter-level travel time spent in this place.
 C = Inter-level travel time spent in this place.
 D = Time resting spent in this place.
 E = Time spent auto-exploring this place.
 F = Levels seen in this place.
 G = Mean time per level.
                   A        B        C        D        E       F      G
               +--------+--------+--------+--------+--------+-----+--------+
         Total |  20730 |  19269 |   1461 |   2450 |  12119 |  25 |  829.2 |
       Dungeon |  13625 |  12492 |   1133 |   1411 |   8366 |  15 |  908.3 |
        Temple |     11 |      6 |      5 |      0 |      0 |   1 |   11.0 |
          Lair |   5163 |   4922 |    241 |    748 |   2884 |   5 | 1032.6 |
  Orcish Mines |   1159 |   1078 |     81 |     27 |    665 |   2 |  579.5 |
         Sewer |    327 |    327 |      0 |    120 |     90 |   1 |  327.0 |
       Volcano |    442 |    442 |      0 |    144 |    113 |   1 |  442.0 |
               +--------+--------+--------+--------+--------+-----+--------+

Top non-repeatable levels by time:
  Lair:4: 1485 daAuts
    D:10: 1380 daAuts
    D:12: 1333 daAuts
  Lair:5: 1284 daAuts
     D:4: 1124 daAuts
    D:11: 1097 daAuts
     D:7: 1083 daAuts
    D:15: 1073 daAuts
     D:1: 952 daAuts
  Lair:3: 910 daAuts
     D:6: 899 daAuts
    D:14: 832 daAuts
     D:8: 805 daAuts
  Lair:2: 789 daAuts
     D:3: 699 daAuts
